 Dungeon Crawl Stone Soup version 0.28.0-53-g5a82cb258f (webtiles) character file.

Game seed: 9595459543524607395

43 cbfl8 the Chopper (level 3, -1/33 HPs)
             Began as a Minotaur Berserker on July 28, 2022.
             Was a Believer of Trog.
             Succumbed to an orc's poison
             ... on level 2 of the Dungeon.
             The game lasted 00:01:12 (1390 turns).

cbfl8 the Chopper (Minotaur Berserker)              Turns: 1390, Time: 00:01:13

Health: -1/33      AC:  6    Str: 21    XL:     3   Next: 37%
Magic:  2/2        EV: 10    Int:  4    God:    Trog [**....]
Gold:   59         SH:  0    Dex: 11    Spells: 2/2 levels left

rFire   . . .      SeeInvis .   a - +0 hand axe
rCold   . . .      Faith    .   (no shield)
rNeg    . . .      Spirit   .   e - +0 scale mail
rPois   .          Reflect  .   (helmet restricted)
rElec   .          Harm     .   (no cloak)
rCorr   .          Rampage  .   (no gloves)
Will    .....                   (no boots)
Stlth   ..........              (no amulet)
HPRegen 0.11/turn               (no ring)
MPRegen 0.08/turn               (no ring)

@: lethally poisoned (-1 -> -7), on berserk cooldown, slowed, very slow
A: horns 2, retaliatory headbutt
a: Renounce Religion, Berserk, Trog's Hand


You were on level 2 of the Dungeon.
You worshipped Trog.
Trog was pleased with you.
You visited 1 branch of the dungeon, and saw 2 of its levels.

You collected 59 gold pieces.

Inventory:

Hand Weapons
 a - a +0 hand axe (weapon)
Armour
 b - a +0 animal skin
 e - a +0 scale mail (worn)
Scrolls
 c - a scroll of noise {unknown}
 d - a scroll of fog {unknown}


   Skills:
 * Level 4.2 Fighting
 + Level 4.3 Axes
 + Level 2.7 Armour
 * Level 2.5 Dodging
 + Level 0.2 Stealth
 * Level 0.1 Evocations


You had 2 spell levels left.
You didn't know any spells.
Your spell library was empty.

Dungeon Overview and Level Annotations

Branches:
Dungeon (2/15)

Altars:
Fedhas


Innate Abilities, Weirdness & Mutations

You have a pair of horns on your head.
You reflexively headbutt those who attack you in melee.


Message History

You are too injured to fight recklessly!
Unknown command.
You are too injured to fight recklessly!
Unknown command.
You are too injured to fight recklessly!
Unknown command.
You are too injured to fight recklessly!
You barely miss the goblin. You headbutt the goblin.
You kill the goblin!
Trog accepts your kill.
You slash the hobgoblin!
You kill the hobgoblin!
Trog accepts your kill.
You feel very sick.
The goblin unwields a +0 club.
The goblin wields a +0 hunting sling.
The goblin shoots a stone.
The stone hits you but does no damage.
You feel sick.
Items here: )) [ †.
You feel a strong urge to attack something.
You feel sick.
The goblin shoots a stone.
The stone hits you but does no damage.
Things that are here:
15 stones; a +1 trident of venom You are no longer berserk.
You are exhausted.
You feel yourself slow down.
You feel sick.
* * * LOW HITPOINT WARNING * * *
You feel very sick. The orc hits you with a +0 hand axe.
* * * LOW HITPOINT WARNING * * *
The orc hits you with a +0 hand axe.
* * * LOW HITPOINT WARNING * * *
The goblin unwields a +0 hunting sling.
The goblin wields a +0 club.
The goblin hits you with a +0 club.
* * * LOW HITPOINT WARNING * * *
You slash the orc!
You kill the orc!
Trog accepts your kill.
You hit the goblin.
You die...

...# #.....†##
#.####........
##
#.............
.
#.............
###( #
#......#####..
##...##.
#......# #..
#.#....#
#..##### #..
.#...8#.###..#
###
....$(g@)##.##
#
.#..###.(##.#
#.#).#.#
####...# ###.#
..# ####


You could see a goblin.

Vanquished Creatures
  2 dart slugs (D:1)
  3 orcs (D:2)
  2 bats (D:1)
  An endoplasm (D:1)
  A giant cockroach (D:1)
  5 goblins
  3 hobgoblins
  2 jackals (D:1)
  3 quokkas (D:1)
  5 ball pythons
  2 frilled lizards
  3 kobolds (D:1)
  3 rats
35 creatures vanquished.

Notes
Turn   | Place    | Note
-------+----------+-------------------------------------------
     0 | D:1      | cbfl8 the Minotaur Berserker began the quest for the Orb.
     0 | D:1      | Reached XP level 1. HP: 19/19 MP: 0/0
   149 | D:1      | Reached XP level 2. HP: 7/27 MP: 1/1
  1166 | D:1      | Reached XP level 3. HP: 32/33 MP: 2/2
  1297 | D:2      | Found a blossoming altar of Fedhas.
  1384 | D:2      | Reached ** piety under Trog
  1389 | D:2      | HP: 1/33 [goblin/+0 club (1)]
  1390 | D:2      | Succumbed to an orc's poison

Illustrated notes

Levels and vault maps discovered:
D:1:      nzn_arrival_crosshair, layout_loops_ring
D:2:      layout_basic, basic_altar, guppyfry_early_orc_mine, uniq_natasha

Skill      XL: |  1  2 |
---------------+-------+-----
Axes           | 4 |  4.3
Fighting       | 4 |  4.2
Armour         | |  2.7
Dodging        | |  2.5
Stealth        | |  0.2
Evocations     | |  0.1

Action                   || total
-------------------------++-------
Melee: Hand axe          ||    59
       Headbutt          ||     8
Invok: Berserk           ||     1
Armor: Animal skin       ||     4
       Scale mail        ||     6
Dodge: Dodged            ||    26
